[Event "58th Akiba Rubinstein A 2022"]
[Site "Polanica-Zdroj"]
[Date "2022.08.13"]
[Round "1.1"]
[White "Lambrecht, Tomasz"]
[Black "Cyborowski, Lukasz"]
[Result "0-1"]
[ECO "D30"]
[WhiteElo "1956"]
[BlackElo "2483"]
[Annotator "TA"]
[PlyCount "70"]
[EventDate "2022.08.13"]
[EventCountry "POL"]
[SourceTitle "playchess.com"]
[Source "ChessBase"]
[SourceQuality "1"]
[TimeControl "40/5400+30:1800+30"]

1. d4 d5 2. c4 e6 3. Nf3 a6 4. cxd5 exd5 5. Bg5 Be7 6. Bxe7 {[%emt 0:00:55] D30: Queen's Gambit Declined: Systems without Nc3.} Nxe7 7. Nc3 c6 8. e3 {[%emt 0:01:06] The position is equal.} O-O 9. Bd3 Bf5 10. O-O Nd7 11. Rc1 Re8 12. Na4 Bxd3 13. Qxd3 Nc8 14. Nc5 Nd6 15. Qb3 Rb8 16. Nxd7 Qxd7 17. Ne5 {[%emt 0:00:02] [#]} Qf5 $146 ({Predecessor:} 17... Qe6 18. a4 g6 19. Qb4 Kg7 20. a5 Rbc8 21. b3 h5 22. Nd3 Nb5 23. Nc5 Qe7 {0-1 (66) Srikrishnan,P (1898)-Mirzoev,A (2457) Bhopal 2019}) 18. Qc2 Qg5 19. Rce1 Re7 20. Qb3 Rbe8 21. Qb4 Re6 22. g3 Qf5 23. Qa3 (23. Qb3 $15) 23... Qh3 $17 24. f3 Nf5 {[%emt 0:03:50][%cal Of5g3] White must now prevent ...Nxg3!} ({Stronger than} 24... Rh6 25. Re2 $11) 25. Nd3 (25. e4 {might work better.} Nxd4 26. Qc5) 25... Rxe3 $40 {[%emt 0:07:54][%mdl 128] Black wants a kill.} 26. Nf4 (26. Rxe3 {only move.} Nxe3 27. Rf2) 26... Qxf1+ 27. Kxf1 (27. Rxf1 $142 Rxa3 28. bxa3) 27... Rxe1+ 28. Kg2 Nxd4 ({But not} 28... g5 $2 29. Nh5 R1e6 30. Qb4 $19) 29. Qb4 Ne6 {[%emt 0:00:39] [#] Hoping for ...Nxf4+.} 30. Nxe6 $2 (30. Qxb7 {was necessary.} Nxf4+ 31. gxf4) 30... R1xe6 {[%emt 0:05:56][%cal Be1e6,Be6e3,Be3e8][%mdl 32] Black is clearly winning.} 31. Qxb7 {[%emt 0:00:28] KQ-KRR} (31. Qb6 $142 R6e7 32. g4) 31... Rd8 32. Qxa6 d4 {[%emt 0:00:09][%cal Bd5d4,Bd4d3][%mdl 32] And now ...d3 would win.} 33. Qd3 Re3 34. Qd2 {[%emt 0:00:02] [#]} d3 $1 {[%emt 0:00:56] ( -> ...Re2+)} 35. Qa5 (35. Kh3 Re2) 35... Ree8 {[%emt 0:00:20] Weighted Error Value: White=0.67/Black=0.11 (very precise)} 0-1

[Event "58th Akiba Rubinstein A 2022"]
[Site "Polanica-Zdroj"]
[Date "2022.08.13"]
[Round "1.2"]
[White "Razin, Vadim"]
[Black "Kolodziejski, Piotr"]
[Result "1-0"]
[ECO "D52"]
[WhiteElo "2428"]
[BlackElo "2107"]
[Annotator "TA"]
[PlyCount "81"]
[EventDate "2022.08.13"]
[EventCountry "POL"]
[SourceTitle "playchess.com"]
[Source "ChessBase"]
[SourceQuality "1"]
[TimeControl "40/5400+30:1800+30"]

1. d4 d5 2. Nf3 Nf6 3. c4 c6 4. Nc3 e6 5. Bg5 Nbd7 6. e3 Qa5 7. cxd5 Nxd5 8. Qd2 Bb4 9. Rc1 h6 10. Bh4 b6 {[%emt 0:02:27] D52: Queen's Gambit Declined: Cambridge Springs Variation.} 11. Bd3 Ba6 12. O-O Bxd3 {[%emt 0:02:24] The position is equal.} (12... O-O {with more complications.} 13. Rfd1 Rac8 14. e4 Nxc3 15. bxc3 Ba3) 13. Qxd3 Nxc3 14. bxc3 Ba3 15. Rb1 {[%emt 0:04:47] [#]} Rc8 $146 ({Predecessor:} 15... O-O 16. c4 Bd6 17. Qc2 Qh5 18. Rfd1 Rac8 19. c5 Bb8 20. cxb6 axb6 21. e4 Rfe8 {½-½ (47) Indjic,A (2620)-Dreev,A (2670) St Petersburg 2018}) 16. c4 Bd6 17. e4 O-O 18. e5 Bc7 19. Rb3 Qa6 (19... b5 $11) 20. Ra3 $14 Qb7 21. Qe4 Bd8 22. Nd2 Re8 23. Rg3 f5 {[%emt 0:12:07] Against Qg4} 24. exf6 $1 Nxf6 25. Qg6 Qf7 $1 {[%emt 0:10:01] aiming for ...Qxg6.} 26. Qxh6 {[%emt 0:01:00] Threatens to win with Bxf6.} Nh5 {[%emt 0:07:47] [#]} 27. Rg6 Nf4 28. Rg4 {[%emt 0:00:07] Really sharp!} Ne2+ 29. Kh1 Nxd4 30. Bxd8 Rcxd8 (30... Nf5 $14 31. Qg5 Rcxd8) 31. Ne4 $16 Rf8 32. Qh3 {[%emt 0:15:04] 0x0.0013bbe7e866dp-1022s more active pieces.} ({Better is} 32. Rg6 $16 {Ng5 is the strong threat.} Nf5 33. Qh5) 32... Nf5 $1 $11 33. Rg5 Rfe8 (33... Rd4 $11 34. Rh5 Nh6) 34. g4 $40 {[%emt 0:01:13][%mdl 128] White has some attack.} (34. Re1 $14) 34... Ne7 $2 (34... Nd6 $11 35. f3 e5) 35. f4 $18 {[%emt 0:04:09] Hoping for f5.} Rd4 {[%emt 0:00:12] [#]} 36. Rh5 $1 Ng6 {[%emt 0:00:03] [#] Prevents Rh8+.} 37. Ng5 (37. f5 $1 $18 exf5 38. Rhxf5) 37... Qf6 (37... Qd7 $14) 38. f5 exf5 39. gxf5 c5 40. fxg6 Qc6+ 41. Kg1 {[%emt 0:00:34] Weighted Error Value: White=0.32/Black=0.44} 1-0

[Event "58th Akiba Rubinstein A 2022"]
[Site "Polanica-Zdroj"]
[Date "2022.08.13"]
[Round "1.3"]
[White "Czechowski, Jakub"]
[Black "Kowalczyk, Rafal"]
[Result "1-0"]
[ECO "E40"]
[WhiteElo "2003"]
[BlackElo "2239"]
[Annotator "TA"]
[PlyCount "59"]
[EventDate "2022.08.13"]
[EventCountry "POL"]
[SourceTitle "playchess.com"]
[Source "ChessBase"]
[SourceQuality "1"]
[TimeControl "40/5400+30:1800+30"]

1. d4 Nf6 2. c4 e6 3. Nc3 Bb4 4. e3 Bxc3+ 5. bxc3 b6 6. Bd3 Bb7 7. f3 d6 8. Ne2 Nc6 {[%emt 0:03:40] E43: Nimzo-Indian: Rubinstein: 4...b6.} 9. e4 h6 10. O-O Na5 {[%emt 0:10:33] [#] White is slightly better.} 11. d5 $146 (11. Ng3 $14) ({Predecessor:} 11. Ng3 Ba6 12. f4 Qd7 13. e5 Ng8 14. f5 O-O-O 15. Qg4 g5 16. fxe6 fxe6 17. d5 {1-0 (35) Perez Coyula,R (2050)-Lledo Perez,S (1957) Havana 2018}) 11... Nd7 12. Nd4 Qf6 {[%emt 0:04:04] [#]} (12... Qe7 $11 {remains equal.}) 13. f4 $1 $16 {[%emt 0:14:21][%cal Oe4e5,Bf3f4,Bf4f5][%mdl 32] e5! is the strong threat.} O-O-O 14. f5 (14. Ba3 $5 ) 14... exd5 15. cxd5 c5 {[%emt 0:07:34] [#]} (15... Nc5 $11) 16. dxc6 {[%emt 0:03:05] White is more active.} (16. Nf3 $1 $16) 16... Nxc6 $11 {[%emt 0:00:07] Pair of Knights!} 17. Be3 Nc5 18. Nxc6 Bxc6 19. Bd4 $36 {[%emt 0:00:05][%mdl 2048] White fights for an advantage.} Qg5 20. Qf3 (20. Rf3 $5 ) 20... Rhe8 21. Rfe1 h5 22. Rad1 (22. a4 $5) 22... f6 ({Black should play} 22... Nxd3 $11 23. Qxd3 Kb7) 23. h3 ({Better is} 23. Bc2 $1 $14) 23... Qh6 $2 (23... Nxd3 $11 24. Rxd3 h4) 24. Bxc5 $18 bxc5 25. Bc4 Kc7 26. Be6 Rb8 $2 {[%emt 0:00:37] [#] A mistake that costs the game.} (26... a5 $16 27. Bf7 Re5) 27. Rxd6 $3 {[%emt 0:00:16][%mdl 512] Hoping for Qg3.} h4 {[%emt 0:00:30] Against Qg3} (27... Red8 28. Rxd8) 28. Red1 {[%emt 0:00:21] Qd3 would kill now.} Rb2 {[%emt 0:00:22] [#]} 29. Rxc6+ $1 Kxc6 (29... Kb8 30. Rxc5) 30. Bd7+ {[%emt 0:00:04] Weighted Error Value: White=0.21 (precise) /Black=0.86} (30. Qd3 $142 Rxe6 31. fxe6 Kb6 32. e7 Qf4 33. Qd8+ Kb7 34. Rd7+ Ka6 35. Rd6+ Qxd6 36. Qxd6+ Rb6 37. Qd3+ c4 38. Qxc4+ Kb7 39. e8=Q) 1-0

[Event "58th Akiba Rubinstein A 2022"]
[Site "Polanica-Zdroj"]
[Date "2022.08.13"]
[Round "1.4"]
[White "Koziorowicz, Michal"]
[Black "Kazmierowski, Tymon"]
[Result "1-0"]
[ECO "B52"]
[WhiteElo "2231"]
[BlackElo "1961"]
[Annotator "TA"]
[PlyCount "115"]
[EventDate "2022.08.13"]
[EventCountry "POL"]
[SourceTitle "playchess.com"]
[Source "ChessBase"]
[SourceQuality "1"]
[TimeControl "40/5400+30:1800+30"]

1. e4 c5 2. Nf3 d6 3. Bb5+ Bd7 4. Bxd7+ Nxd7 5. O-O Ngf6 6. Re1 e6 7. c3 Be7 8. d4 O-O {[%emt 0:00:37] is now more promising than 8...cxd4.} 9. e5 Ne8 {[%emt 0:00:54] B52: Sicilian: Moscow Variation with 3...Bd7.} 10. exd6 Nxd6 11. Bf4 {[%emt 0:08:54] [#]} Qb6 $146 (11... cxd4 $11 12. Nxd4 Qb6) ({Predecessor:} 11... Rc8 12. Nbd2 cxd4 13. Nxd4 Nb6 14. Qg4 Bf6 15. Bxd6 Qxd6 16. Ne4 Qe7 17. Nb5 Rcd8 18. Nxa7 {½-½ (59) Vandenbussche,T (2432)-Van der Stricht,G (2380) Bruges 2021}) 12. d5 $1 $16 Rae8 13. dxe6 fxe6 14. Bxd6 Bxd6 (14... Qxd6 $2 15. Qxd6 Bxd6 16. Rd1 $18) 15. Nbd2 {[%emt 0:05:25] Hoping for Nc4.} Qc6 (15... Qxb2 $2 16. Nc4 Qxc3 17. Nxd6 $18) 16. Qb3 Kh8 17. Re2 Re7 18. Rae1 Rfe8 19. Ne4 Bc7 20. h4 Nf6 21. Qc4 b6 22. Nfg5 Nd5 23. b4 h6 24. b5 Qd7 25. Nh3 Rf8 26. Qd3 Nf4 27. Nxf4 Rxf4 28. Rd1 Qxd3 29. Rxd3 Rxh4 30. g3 Rh5 31. c4 {[%emt 0:01:05] Inhibits Rd5.} Rf5 32. Rde3 Be5 33. Ra3 Bd4 34. Nd6 (34. Ra6 $11) 34... Rf8 $1 $15 35. Kg2 Rd7 36. Ne4 Kh7 37. Ra6 Kg6 38. a4 Bf6 39. a5 Bd8 40. Nd2 {[%emt 0:00:00][%mdl 1024] White has compensation.} Rf6 (40... bxa5 $11 41. Nb3 Bb6) 41. Nf3 $18 {[%emt 0:00:35] Black must now prevent Ne5+.} Kh7 {[%emt 0:10:55] [#]} 42. Ne5 $1 Rb7 43. Rd2 Rf8 44. Nc6 Bf6 45. Rxa7 (45. Nxa7 $18 Bc3 46. Re2) 45... Rxa7 $16 46. Nxa7 $18 {[%emt 0:00:04][%mdl 4096] Endgame And now a6 would win. KRB-KRN} Bc3 47. Rd6 {[%emt 0:01:15] aiming for a6.} Bxa5 48. Rxe6 Rf7 (48... Rd8 $16 {might work better.}) 49. Nc8 Rd7 {[%emt 0:00:41] [#]} 50. Nd6 $1 ({Don't do} 50. Nxb6 $6 Bxb6 51. Rxb6 Rd4 $16) 50... Bc3 51. f4 Ra7 52. Kf3 Ra3 $2 (52... Ra4 53. Ke4 Be1) 53. Re3 Kg6 54. Nc8 Bb4 55. Rxa3 {[%emt 0:00:07] White mates.} Bxa3 56. Nxb6 Kf6 57. Nd5+ Ke6 58. b6 {[%emt 0:00:04] Weighted Error Value: White=0.11 (very precise) /Black=0.40} 1-0

[Event "58th Akiba Rubinstein A 2022"]
[Site "Polanica-Zdroj"]
[Date "2022.08.13"]
[Round "1.5"]
[White "Majocha, Piotr"]
[Black "Rog, Bartlomiej"]
[Result "1/2-1/2"]
[ECO "A05"]
[WhiteElo "2036"]
[BlackElo "2091"]
[Annotator "NA RC"]
[PlyCount "30"]
[EventDate "2022.08.13"]
[EventCountry "POL"]
[SourceTitle "playchess.com"]
[Source "ChessBase"]
[SourceQuality "1"]
[TimeControl "40/5400+30:1800+30"]

1. Nf3 Nf6 2. c4 g6 3. Nc3 Bg7 4. g3 O-O 5. Bg2 c6 6. O-O d5 7. cxd5 Nxd5 8. d4 c5 9. Nxd5 Qxd5 10. dxc5 Qxc5 11. Qb3 Nc6 12. Be3 Qa5 13. Rfd1 Qa6 14. Nd4 Nxd4 15. Bxd4 Be6 1/2-1/2

[Event "58th Akiba Rubinstein A 2022"]
[Site "Polanica-Zdroj"]
[Date "2022.08.13"]
[Round "1.6"]
[White "Paprocki, Antoni"]
[Black "Iwanczuk, Krzysztof"]
[Result "1-0"]
[ECO "D20"]
[WhiteElo "1981"]
[BlackElo "1947"]
[Annotator "TA"]
[PlyCount "37"]
[EventDate "2022.08.13"]
[EventCountry "POL"]
[SourceTitle "playchess.com"]
[Source "ChessBase"]
[SourceQuality "1"]
[TimeControl "40/5400+30:1800+30"]

1. d4 d5 2. c4 dxc4 3. e4 b5 4. a4 c6 5. Nc3 b4 6. Na2 e5 7. Nf3 {[%emt 0:01:24] D10: Slav Defence: 3 cxd5 (without early Nf3) and 3 Nc3.} Bg4 ({Better is} 7... exd4 $14 8. Bxc4 Ba6 9. Bxa6 Nxa6) 8. Bxc4 $16 {[%emt 0:02:03] [#]} Nd7 $146 {[%emt 0:05:11] [#]} (8... Qe7 $16 {is a better defense.} 9. dxe5 Nd7) ({Predecessor:} 8... Qf6 9. dxe5 Bxf3 10. Qxf3 Qxf3 11. gxf3 Nd7 12. f4 a5 13. Be3 Bc5 14. Rc1 Bxe3 15. fxe3 {1-0 (29) Tkachiev,V (2634)-Lamorelle,J (2145) Cannes 1999}) 9. Qb3 $1 $18 {[%emt 0:06:17] White is clearly better.} (9. dxe5 Nxe5 10. Qxd8+ Rxd8 $11) 9... Qf6 10. Nxe5 Nxe5 11. dxe5 Qg6 12. O-O {[%emt 0:02:43] And now f4 would win.} (12. Nxb4 Rb8 13. Bxf7+ Qxf7 14. Qxf7+ Kxf7 15. Nxc6 Bb4+ 16. Kf1 Rb6 17. Nxa7 Ne7 $11) 12... Bc5 13. Kh1 (13. Nxb4 Bxb4 14. Qxb4 Bh3) 13... Ne7 14. Be3 ({Inferior is} 14. Nxb4 Rb8 $11) 14... Bxe3 15. Qxe3 {[%emt 0:00:25] Strongly threatening f4.} ({Resist} 15. fxe3 O-O 16. Nxb4 Be6) 15... a5 16. f4 Qh6 17. Qc5 Be6 18. f5 Bxc4 19. f6 {[%emt 0:00:28] Black got outplayed after the opening.  Weighted Error Value: White=0.19 (very precise) /Black=0.49} ({Don't do} 19. Qxc4 O-O 20. Rad1 Qh4 $18) 1-0

[Event "58th Akiba Rubinstein A 2022"]
[Site "Polanica-Zdroj"]
[Date "2022.08.13"]
[Round "1.7"]
[White "Kasprzak, Lukasz"]
[Black "Skurniak, Szymon"]
[Result "1/2-1/2"]
[ECO "D97"]
[WhiteElo "1938"]
[BlackElo "2051"]
[Annotator "NA RC"]
[PlyCount "56"]
[EventDate "2022.08.13"]
[EventCountry "POL"]
[SourceTitle "playchess.com"]
[Source "ChessBase"]
[SourceQuality "1"]
[TimeControl "40/5400+30:1800+30"]

1. d4 Nf6 2. c4 g6 3. Nc3 d5 4. Nf3 Bg7 5. Qb3 dxc4 6. Qxc4 O-O 7. e4 Nc6 8. Be2 e5 9. d5 Nd4 10. Nxd4 exd4 11. Qxd4 c6 12. Qc4 b5 13. Qc5 Re8 14. O-O cxd5 15. Bxb5 Nxe4 16. Nxe4 Rxe4 17. Bc6 Ba6 18. Rd1 Rc8 19. Qxd5 Qxd5 20. Bxd5 Re2 21. Be3 Bxb2 22. Rab1 Bc4 23. Bxc4 Rxc4 24. Kf1 Rec2 25. Bxa7 Ra4 26. Rxb2 Rxb2 27. Rd8+ Kg7 28. Bd4+ Rxd4 1/2-1/2

[Event "58th Akiba Rubinstein A 2022"]
[Site "Polanica-Zdroj"]
[Date "2022.08.13"]
[Round "1.8"]
[White "Dziewonski, Dariusz"]
[Black "Motyl, Tomasz"]
[Result "1-0"]
[ECO "B11"]
[WhiteElo "2029"]
[BlackElo "1936"]
[Annotator "NA RC"]
[PlyCount "53"]
[EventDate "2022.08.13"]
[EventCountry "POL"]
[SourceTitle "playchess.com"]
[Source "ChessBase"]
[SourceQuality "1"]
[TimeControl "40/5400+30:1800+30"]

1. e4 c6 2. Nc3 d5 3. Nf3 Bg4 4. h3 Bxf3 5. Qxf3 Nf6 6. Be2 e6 7. O-O Be7 8. Rd1 d4 9. Nb1 O-O 10. d3 c5 11. a4 Nc6 12. Na3 a6 13. Bf4 b5 14. b3 Qb6 15. g3 Rac8 16. Bd2 Rc7 17. Qg2 Rfc8 18. Kh1 c4 19. axb5 cxd3 20. Bxd3 axb5 21. Nxb5 Rb7 22. Na3 Bxa3 23. Rxa3 Nb4 24. Bxb4 Qxb4 25. Ra4 Qc3 26. Ba6 Qxc2 27. Raxd4 1-0

[Event "58th Akiba Rubinstein A 2022"]
[Site "Polanica-Zdroj"]
[Date "2022.08.13"]
[Round "1.9"]
[White "Antoniewicz, Jakub"]
[Black "Betkowski, Andrzej"]
[Result "1/2-1/2"]
[ECO "A40"]
[WhiteElo "1931"]
[BlackElo "2063"]
[Annotator "NA RC"]
[PlyCount "92"]
[EventDate "2022.08.13"]
[EventCountry "POL"]
[SourceTitle "playchess.com"]
[Source "ChessBase"]
[SourceQuality "1"]
[TimeControl "40/5400+30:1800+30"]

1. d4 g6 2. Nc3 Bg7 3. e4 c6 4. h4 d5 5. exd5 cxd5 6. Bb5+ Nc6 7. h5 Nf6 8. h6 Bf8 9. Nge2 e6 10. Bg5 Be7 11. Qd2 Bd7 12. O-O-O a6 13. Bd3 b5 14. Rde1 O-O 15. Kb1 b4 16. Nd1 Ne4 17. Bxe4 Bxg5 18. f4 Bf6 19. Bf3 Qb6 20. Ne3 Nxd4 21. Bxd5 Rad8 22. Ng4 Bh8 23. Nxd4 Bxd4 24. Bc4 Bc6 25. Qe2 Bd5 26. Ne5 a5 27. Rd1 a4 28. Bxd5 Rxd5 29. Nf3 Rfd8 30. Nxd4 Rxd4 31. Rde1 Qd6 32. g3 a3 33. Qf3 Rd2 34. Rc1 Qd4 35. Qb3 Qd6 36. Rhf1 f6 37. g4 Kf7 38. f5 Qe5 39. fxe6+ Qxe6 40. g5 f5 41. Qxb4 axb2 42. Rce1 Qd6 43. Qb3+ Kf8 44. Qb7 Rd7 45. Qc8+ Rd8 46. Qb7 Rd7 1/2-1/2

[Event "58th Akiba Rubinstein A 2022"]
[Site "Polanica-Zdroj"]
[Date "2022.08.13"]
[Round "1.10"]
[White "Barwinska, Ewa"]
[Black "Hetzer, Volkhard"]
[Result "1/2-1/2"]
[ECO "C16"]
[WhiteElo "1940"]
[BlackElo "1921"]
[Annotator "TA"]
[PlyCount "102"]
[EventDate "2022.08.13"]
[EventCountry "POL"]
[SourceTitle "playchess.com"]
[Source "ChessBase"]
[SourceQuality "1"]
[TimeControl "40/5400+30:1800+30"]

1. e4 e6 2. d4 d5 3. Nc3 Bb4 4. e5 Qd7 5. a3 Bf8 6. f4 {[%emt 0:05:28] White is more active.} Ne7 {[%emt 0:00:33] C16: French: 3 Nc3 Bb4 4 e5: Lines without ...c5.} 7. Nf3 b6 8. Bd3 Ba6 {[%emt 0:16:13] White has an edge.} 9. Bxa6 Nxa6 10. Qd3 Nb8 11. Be3 {[%emt 0:06:17] [#]} Nbc6 $146 ({Predecessor:} 11... Nf5 12. Bf2 h5 13. O-O-O c5 14. Nh4 c4 15. Qe2 Ne7 16. h3 g6 17. g4 b5 {½-½ (31) Hardarson,J (1688)-Skoien,H (2121) Reykjavik 2012}) 12. Bf2 Na5 13. O-O h5 14. Ne2 Nf5 15. Nh4 g6 16. Nxf5 gxf5 17. Bh4 Be7 18. Bxe7 (18. Be1 $5 ) 18... Qxe7 19. Kh1 Qd7 20. Ng1 c5 21. dxc5 bxc5 22. b4 $36 {[%emt 0:03:16][%mdl 2048] White has some pressure.} c4 (22... Nc4 $11 {remains equal.}) 23. Qf3 Nc6 24. c3 h4 25. Rfd1 Ne7 26. a4 Ng6 (26... Nc6 $11) 27. Nh3 ({Better is} 27. Ne2 $16) 27... Kf8 (27... a5 $11) 28. b5 ({White should play} 28. Ng1 $16) 28... Kg7 $11 29. Qe2 Rhd8 30. Qb2 Rab8 (30... a6 $17) 31. Qf2 Rb6 32. Rab1 Rdb8 {[%emt 0:00:10] White should prevent ...a6.} 33. Qc5 (33. Ng5 $11) 33... a6 34. Qxc4 axb5 35. Qd4 (35. axb5 $142 Rxb5 36. Rbc1) 35... Qc6 $17 ({Stronger than} 35... Ra6 36. axb5 Rxb5 37. Rbc1 $17) 36. a5 Ra6 37. Qb4 Qc7 38. Ra1 Rba8 39. Qxb5 Rxa5 40. Rxa5 (40. Qb2 {was called for.}) 40... Rxa5 $19 41. Qb4 Rc5 42. Rd3 Rc4 43. Qd6 Rxc3 (43... Qc8 $142 44. Rd1 Rc6) 44. Qxc7 Rxc7 {[%emt 0:00:06][%mdl 4096] Endgame KRN-KRN} 45. g3 hxg3 46. hxg3 f6 47. exf6+ Kxf6 48. Kg2 Rd7 49. Nf2 e5 50. fxe5+ $1 Nxe5 51. Rd4 Nc6 {Weighted Error Value: White=0.22 (precise) /Black=0.17 (very precise)} 1/2-1/2

[Event "58th Akiba Rubinstein A 2022"]
[Site "Polanica-Zdroj"]
[Date "2022.08.13"]
[Round "1.11"]
[White "Kejna, Piotr"]
[Black "Wolanski, Michal"]
[Result "1/2-1/2"]
[ECO "B33"]
[WhiteElo "1970"]
[BlackElo "2005"]
[Annotator "TA"]
[PlyCount "151"]
[EventDate "2022.08.13"]
[EventCountry "POL"]
[SourceTitle "playchess.com"]
[Source "ChessBase"]
[SourceQuality "1"]
[TimeControl "40/5400+30:1800+30"]

1. e4 c5 2. Nf3 Nc6 3. d4 cxd4 4. Nxd4 Nf6 5. Nc3 e5 6. Ndb5 d6 7. Bg5 a6 8. Na3 b5 9. Nd5 Be7 10. Bxf6 Bxf6 11. c4 b4 {[%emt 0:00:05] B33: Sicilian: Pelikan and Sveshnikov Variations.} 12. Nc2 O-O 13. g3 a5 14. h4 Be6 15. Bh3 {[%emt 0:03:01] 15.Bg2 is more advanced technology.} a4 16. Bxe6 fxe6 17. Ndxb4 Nxb4 18. Nxb4 Qb6 19. Qd2 Be7 {[%emt 0:01:01][%mdl 1024] Black has compensation.} 20. a3 Rf3 21. Rc1 Raf8 22. Rf1 {[%emt 0:01:02] [#]} Qb7 $146 {[%emt 0:01:52][%mdl 2048] White is under pressure.} ({Predecessor:} 22... d5 23. cxd5 Bc5 24. Rc3 Rxf2 25. Rxf2 Bxf2+ 26. Kd1 Bd4 27. Rc6 Qd8 28. Qe2 exd5 29. Nxd5 {0-1 (40) Kislik,E (2357)-Antal,G (2526) Budapest 2010}) 23. Qe2 $1 Bd8 {[%emt 0:05:13] Hoping for ...Ba5.} 24. Rc3 R3f6 25. Rd3 (25. f3 $11) 25... Bb6 {[%emt 0:03:16] And now ...Bxf2+ would win.} 26. f3 Bd4 27. b3 (27. Kd1 $15) 27... axb3 28. Rxb3 Bc5 (28... h5 $17) 29. Qd3 Qf7 30. Kd1 ({White should play} 30. Na6 $15 Bd4 31. Kd2) 30... Qg6 $17 31. g4 {[%emt 0:02:22] [#]} Qxg4 $3 32. fxg4 Rxf1+ 33. Kc2 R8f2+ 34. Qd2 Rxd2+ 35. Kxd2 {[%emt 0:00:07][%mdl 4096] Endgame KRB-KRN} Rf4 (35... Rf2+ $15 36. Kd3 Rg2) 36. Nd3 $11 Rxe4 37. Nxc5 dxc5 {[%emt 0:00:07] KR-KR} 38. Kc3 Kf7 39. Rb5 Rxg4 40. Rxc5 Rg3+ ({Worse is} 40... Rxh4 41. Rxe5 Rh1 42. a4) ({Black should try} 40... Kf6 $17 41. a4 Rxh4) 41. Kb4 $1 {[%emt 0:01:12] The position is equal.} e4 42. Re5 e3 {[%emt 0:00:19] [#] Threatens to win with ...Kf6.} 43. Kc5 e2 44. Rxe2 Rxa3 45. Kb4 Ra1 46. Rf2+ Ke7 47. Rg2 g6 48. h5 Rb1+ 49. Kc5 gxh5 50. Rg7+ Kf6 51. Rxh7 Rh1 52. Kd4 h4 53. c5 e5+ 54. Ke3 h3 55. c6 Rc1 56. c7 h2 57. Rxh2 Rxc7 58. Kd2 Kf5 59. Rh3 Ke4 60. Ke2 Rc2+ 61. Ke1 Kd4 62. Ra3 e4 63. Ra4+ Ke3 64. Ra3+ Kf4 65. Rb3 e3 {[%emt 0:00:19] aiming for ...Kf3.} 66. Rb8 Rc4 67. Rf8+ Ke4 68. Re8+ Kd3 69. Rd8+ Rd4 70. Rxd4+ Kxd4 {[%emt 0:00:05] KP-K} 71. Ke2 Ke4 72. Ke1 Kf3 {[%emt 0:00:03] Strongly threatening ...e2.} (72... Kd3 $5 73. Kd1 Ke4 $11) 73. Kf1 Kg3 {[%emt 0:00:04] White must now prevent ...Kf3.} 74. Ke2 Kf4 75. Ke1 e2 {[%emt 0:00:05] ...Kf3 is the strong threat.} (75... Ke4 $5) 76. Kxe2 {[%emt 0:00:04] Weighted Error Value: White=0.09 (flawless) /Black=0.10 (very precise)} 1/2-1/2

[Event "58th Akiba Rubinstein A 2022"]
[Site "Polanica-Zdroj"]
[Date "2022.08.13"]
[Round "1.12"]
[White "Siekanska, Zuzanna"]
[Black "Skrzyczek, Tomasz"]
[Result "0-1"]
[ECO "D18"]
[WhiteElo "1712"]
[BlackElo "1909"]
[Annotator "TA RC"]
[PlyCount "64"]
[EventDate "2022.08.13"]
[EventCountry "POL"]
[SourceTitle "playchess.com"]
[Source "ChessBase"]
[SourceQuality "1"]
[TimeControl "40/5400+30:1800+30"]

1. d4 d5 2. c4 c6 3. Nc3 Nf6 4. Nf3 dxc4 5. a4 Bf5 6. e3 e6 7. Bxc4 Bb4 8. O-O Nbd7 9. Qb3 Qb6 10. Nd2 {[%emt 0:16:33] D18: Slav Defence: 5 a4 Bf5 6 e3.} O-O {[%emt 0:03:23] [#]} 11. Re1 $146 ({Predecessor:} 11. Be2 a5 12. Nc4 Qc7 13. Na2 Be7 14. Nc3 e5 15. Rd1 exd4 16. exd4 Be6 17. Qc2 Nd5 18. Nxd5 Bxd5 19. Ne3 Nf6 20. Bd3 g6 {0-1 (35) Novak,I (2207)-Trbojevic,M (2331) Mali Losinj 2019}) 11... e5 12. Bxf7+ {[%emt 0:05:00] Black is slightly better.} Rxf7 13. Nc4 {[%emt 0:00:36][%csl LRb6,LRe5] [#]} Qc7 14. Qxb4 $14 Ne8 {[%emt 0:06:45] Prevents Nd6.} 15. d5 ({White should try} 15. f3 $16) 15... a5 $11 16. Qb3 {[%emt 0:04:16] aiming for e4.} e4 (16... Bd3 $11 {remains equal.}) 17. Rd1 $16 Ra6 18. d6 Qd8 19. Rd4 (19. Qxb7 $2 Nc5 20. Qxa6 Nxa6 $19) (19. Ne2 $14) 19... Qh4 $11 {[%emt 0:12:11] ...Nef6 is the strong threat.} 20. Qc2 Nef6 {[%emt 0:00:57] Threatens to win with ...c5.} 21. Nd2 $2 {[%emt 0:04:00][%mdl 8192] [#]} (21. h3 $11) 21... Ng4 $2 (21... c5 $1 $19 {and Black stays clearly on top.} 22. Rc4 (22. g3 $2 Qh3 $19) 22... Ng4) 22. Nf1 $17 Bg6 23. g3 $2 (23. Nd1 $17 {is more resistant.}) 23... Qh3 $19 24. Nxe4 Nde5 {[%emt 0:10:57] ( -> ...Nf3+)} ({Avoid the trap} 24... Bxe4 $2 25. Rxe4 Rxf2 26. Qxf2 Nxf2 27. Kxf2 $19) 25. Ng5 Qh5 $2 26. e4 $11 {[%emt 0:02:17] And now d7 would win.} Rxf2 $40 {[%emt 0:02:10][%mdl 128] Black mounts an attack. Really sharp!} 27. Rd2 (27. Qb3+ $11 Bf7 28. Qxb7 Rxh2 29. Qb8+ (29. Qxa6 $2 {is a self mate.} Nf3+ 30. Nxf3 Rh1+ 31. Kg2 Qh3#) (29. Qc8+ Be8 $11) 29... Be8 30. Qb3+ Kh8 31. d7 Nxd7 32. Rxd7 Rh1+ 33. Kg2 Rh2+ 34. Kg1 Rh1+ 35. Kg2 Rh2+ 36. Kg1) 27... Rxf1+ $19 {[%emt 0:00:53][%mdl 64] Remove Defender, Decoy} 28. Kxf1 Ne3+ {[%emt 0:00:11] Pair of Knights!} 29. Ke1 Nxc2+ 30. Rxc2 Nd3+ 31. Kd2 Nxc1 32. h4 Nb3+ {[%emt 0:00:07] Weighted Error Value: White=1.46/Black=0.67} (32... Qe2+ $142 33. Kxc1 Qe1#) 0-1